 Dungeon Crawl Stone Soup version 0.29-a0-553-g81b289dbe5 (webtiles) character file.

Game seed: 17466002647853822130

615 HessuHobo the Skirmisher (level 7, -10/55 HPs)
             Began as a Human Fighter on June 6, 2022.
             Was a Follower of Dithmenos.
             Mangled by a wyvern (13 damage)
             ... on level 5 of the Dungeon.
             The game lasted 00:07:08 (7595 turns).

HessuHobo the Skirmisher (Human Fighter)            Turns: 7595, Time: 00:07:08

Health: -10/55     AC:  9    Str: 18    XL:     7   Next: 73%
Magic:  7/7        EV:  9    Int:  9    God:    Dithmenos [*.....]
Gold:   191        SH:  4    Dex: 12    Spells: 6/6 levels left

rFire   . . .      SeeInvis .   a - +0 long sword
rCold   . . .      Faith    +   c - +0 buckler
rNeg    . . .      Spirit   .   b - +0 scale mail
rPois   .          Reflect  .   m - +0 helmet
rElec   .          Harm     .   (no cloak)
rCorr   .          Rampage  .   (no gloves)
Will    .....                   l - +0 pair of boots
Stlth   +.........              n - amulet of faith
HPRegen 0.18/turn               (no ring)
MPRegen 0.10/turn               (no ring)

@: mighty, hasted, wreathed by umbra, very quick
A: no striking features
a: Renounce Religion


You were on level 5 of the Dungeon.
You worshipped Dithmenos.
Dithmenos was aware of your devotion.
You visited 1 branch of the dungeon, and saw 5 of its levels.

You collected 191 gold pieces.

Inventory:

Hand Weapons
 a - a +0 long sword (weapon)
Armour
 b - a +0 scale mail (worn)
 c - a +0 buckler (worn)
 l - a +0 pair of boots (worn)
 m - a +0 helmet (worn)
Jewellery
 n - an amulet of faith (around neck)
 p - a ring of resist corrosion
 q - an amulet of reflection
Wands
 r - a wand of flame (17)
Scrolls
 d - 4 scrolls of enchant armour
 e - a scroll of amnesia
 f - a scroll of noise
 h - 2 scrolls of teleportation
 i - 2 scrolls of brand weapon
 t - a scroll of fear
 v - 3 scrolls of fog {unknown}
Potions
 g - a potion of curing
 j - a potion of ambrosia {unknown}
 s - 2 potions of degeneration
 u - a potion of magic {unknown}
 w - 2 potions of lignification {unknown}


   Skills:
 + Level 4.9 Fighting
 + Level 4.3 Long Blades
 + Level 4.8 Armour
 - Level 4.0 Stealth
 - Level 3.0 Shields


You had 6 spell levels left.
You didn't know any spells.
Your spell library contained the following spells:

 Spells                   Type           Power      Damage    Failure   Level
 Foxfire                  Conj/Fire      0%         2x1d4     85%         1
 Freeze                   Ice            0%         1d3       85%         1
 Magic Dart               Conj           0%         1d3       85%         1
 Call Imp                 Summ           0%         N/A       94%         2
 Conjure Flame            Conj/Fire      0%         6-21      99%         3
 Frozen Ramparts          Ice            0%         1d2       99%         3
 Inner Flame              Hex/Fire       0%         N/A       99%         3
 Mephitic Cloud           Conj/Pois/Air  0%         N/A       99%         3
 Flame Wave               Conj/Fire      0%         2d4       100%        4
 Hailstorm                Conj/Ice       0%         3d3       100%        4


Dungeon Overview and Level Annotations

Branches:
Dungeon (5/15)             Temple (0/1) D:4

Altars:
Dithmenos
Xom

Annotations:
D:4 exclusion: downstairs


Message History

The floor.
Okay, then.
Okay, then.
You block the wyvern's attack.
You hit the wyvern but do no damage. The wyvern barely misses you.
The wyvern bites you but does no damage.
You barely miss the wyvern.
The wyvern bites you but does no damage.
The wyvern bites you!
You feel very mighty all of a sudden. The wyvern bites you!
You barely miss the wyvern. You block the wyvern's attack.
The wyvern bites you.
You hit the wyvern.
The wyvern is lightly wounded.
You block the wyvern's attack. The wyvern bites you.
You barely miss the wyvern.
The wyvern is lightly wounded.
The wyvern closely misses you. You block the wyvern's attack.
You hit the wyvern but do no damage.
The wyvern is lightly wounded.
The wyvern bites you but does no damage.
The wyvern barely misses you.
You closely miss the wyvern.
The wyvern is lightly wounded.
The wyvern bites you. The wyvern bites you!
* * * LOW HITPOINT WARNING * * *
You barely miss the wyvern.
The wyvern is lightly wounded.
You block the wyvern's attack.
You slash the wyvern!
The wyvern is heavily wounded.
The wyvern bites you.
* * * LOW HITPOINT WARNING * * *
The wyvern bites you.
* * * LOW HITPOINT WARNING * * *
You feel yourself speed up. The wyvern closely misses you. x2
The wyvern attacks as you move away! The wyvern barely misses you.
The wyvern attacks as you move away! The wyvern bites you!
You die...

########## .........#
########.##
######..###############..
...............@l.........
#########.#########.#####..
#.. #.# ...# #.# ..... #.#
......# #.# ........
#####.## .......#.##......#
#......#


You could see a wyvern.

Vanquished Creatures
  Menkaure (D:4)
  An ice beast (D:5)
  A necrophage (D:4)
  A scorpion (D:5)
  A howler monkey (D:5)
  An orc priest (D:5)
  A hound (D:4)
  2 iguanas
  An adder (D:4)
  3 gnolls (D:2)
  A worm (D:2)
  4 dart slugs
  6 orcs (D:5)
  2 ball pythons (D:1)
  4 endoplasms
  2 giant cockroaches
  3 goblins
  11 hobgoblins
  8 jackals
  4 quokkas
  A bat (D:1)
  6 frilled lizards
  8 kobolds
  5 rats
78 creatures vanquished.

Notes
Turn   | Place    | Note
-------+----------+-------------------------------------------
     0 | D:1      | HessuHobo the Human Fighter began the quest for the Orb.
     0 | D:1      | Reached XP level 1. HP: 18/18 MP: 1/1
   381 | D:1      | Reached XP level 2. HP: 16/24 MP: 2/2
   615 | D:1      | Found a faded altar of an unknown god.
   630 | D:1      | HP: 1/24 [rat (3)]
  1069 | D:1      | Reached skill level 1 in Stealth
  1519 | D:1      | Reached XP level 3. HP: 25/29 MP: 3/3
  2223 | D:2      | Found a shadowy altar of Dithmenos.
  2286 | D:2      | Became a worshipper of Dithmenos the Shadowed
  2571 | D:2      | Reached XP level 4. HP: 31/35 MP: 4/4
  4006 | D:3      | Found a shimmering altar of Xom.
  4580 | D:3      | Reached XP level 5. HP: 42/42 MP: 5/5
  4581 | D:3      | Reached * piety under Dithmenos
  5563 | D:4      | Reached XP level 6. HP: 29/48 MP: 6/6
  5786 | D:4      | Noticed Menkaure
  5798 | D:4      | Killed Menkaure
  6101 | D:4      | Found a staircase to the Ecumenical Temple.
  6211 | D:5      | Entered Level 5 of the Dungeon
  6264 | D:5      | Noticed an ice beast
  6308 | D:5      | Killed an ice beast
  6309 | D:5      | Reached XP level 7. HP: 24/55 MP: 7/7
  7570 | D:5      | Noticed a wyvern
  7595 | D:5      | Mangled by a wyvern

Illustrated notes

Levels and vault maps discovered:
D:1:      dpeg_arrival_rooms_a, layout_rooms, basic_ecumenical_altar,
          minmay_door_square
D:2:      layout_basic, basic_altar
D:3:      layout_basic, mainiacjoe_overflow_tiny_flanked,
          minmay_misc_feat_nine_boxes, minivault_14
D:4:      layout_gridville, minmay_temple_entry_nine_rooms,
          grunt_decor_mini_mirrors, uniq_menkaure
D:5:      layout_basic, minmay_manual_mares

Skill      XL: |  1  2  3  4  5  6  7 |
---------------+----------------------+-----
Stealth        | 1 2 3 4 |  4.0
Long Blades    | 3 4 |  4.3
Fighting       | 4 |  4.9
Armour         | 4 |  4.8
Shields        | |  3.0

Action                   |  1- 3 |  4- 6 |  7- 9 || total
-------------------------+-------+-------+-------++-------
Melee: Long sword        |   128 |   159 |    84 ||   371
  Use: Potion            |       |     3 |     2 ||     5
       Scroll            |       |     7 |       ||     7
Armor: Scale mail        |    70 |    64 |    44 ||   178
Dodge: Dodged            |    70 |    77 |    60 ||   207
Block: Buckler           |    36 |    29 |    28 ||    93

Table legend: (Time is in decaauts)
 A = Elapsed time spent in this place.
 B = Non-inter-level travel time spent in this place.
 C = Inter-level travel time spent in this place.
 D = Time resting spent in this place.
 E = Time spent auto-exploring this place.
 F = Levels seen in this place.
 G = Mean time per level.
                   A        B        C        D        E       F      G
               +--------+--------+--------+--------+--------+-----+--------+
         Total |   7683 |   7546 |    137 |   4454 |   2214 |   5 | 1536.6 |
       Dungeon |   7683 |   7546 |    137 |   4454 |   2214 |   5 | 1536.6 |
               +--------+--------+--------+--------+--------+-----+--------+

Top non-repeatable levels by time:
     D:2: 2039 daAuts
     D:1: 1937 daAuts
     D:3: 1535 daAuts
     D:5: 1284 daAuts
     D:4: 886 daAuts
